 Dungeon Crawl Stone Soup version 0.19-a0-749-g66ae36b (webtiles) character file.

9632 Fubayashi the Thaumaturge (level 11, -8/64 HPs)
             Began as a Gargoyle Earth Elementalist on June 23, 2016.
             Was a Priest of Vehumet.
             Mangled by Maud
             ... wielding a +2 broad axe of distortion
              (12 damage)
             ... on level 10 of the Dungeon on June 24, 2016.
             The game lasted 01:28:32 (19547 turns).

Fubayashi the Thaumaturge (GrEE)                   Turns: 19547, Time: 01:28:32

Health: -8/64      AC: 13    Str: 14    XL:     11   Next: 49%
Magic:  20/23      EV: 14    Int: 20    God:    Vehumet [***...]
Gold:   1106       SH:  0    Dex: 10    Spells: 4 memorised, 12 levels left

rFire  . . .     SeeInvis .     z - +2 whip (flame)
rCold  . . .     Gourm    .     c - +0 robe
rNeg   + . .     Faith    .     (no shield)
rPois  ∞         Spirit   .     (no helmet)
rElec  +         Dismiss  .     E - +0 cloak
rCorr  .         Reflect  .     f - +1 pair of gloves
SustAt .         Harm     .     (no boots)
MR     .....                    (no amulet)
Stlth  ++........               (no ring)
                                G - +3 ring of strength

@: about to teleport, not resistant to hostile enchantments, unstealthy
A: big wings, negative energy resistance 1, electricity resistance, unbreathing,
petrification resistance, rot immunity, AC +7
a: Fly, Renounce Religion


You were on level 10 of the Dungeon.
You worshipped Vehumet.
Vehumet was most pleased with you.
You were hungry.

You visited 2 branches of the dungeon, and saw 12 of its levels.
You visited the Abyss 1 time.

You collected 1139 gold pieces.
You spent 33 gold pieces at shops.

Inventory:

Hand Weapons
 z - a +2 whip of flaming (weapon)
 N - the +9 rapier "Ytugian" {freeze, MR+, unknown}
   (You found it on level 7 of the Dungeon)

   It has been specially enchanted to freeze those struck by it, causing extra
   injury to most foes and up to half again as much damage against particularly
   susceptible opponents.
   It can also slow down cold-blooded creatures.
   It affects your resistance to hostile enchantments.
Missiles
 b - 109 stones (quivered)
Armour
 c - a +0 robe (worn)
 f - a +1 pair of gloves (worn)
 E - a +0 cloak (worn)
Rods
 M - a +0 rod of ignition (10/10) {!a}
   (You found it on level 6 of the Dungeon)
Jewellery
 G - a +3 ring of strength (left hand)
Wands
 y - a wand of enslavement (15/24)
 C - a wand of slowing (27/48)
 D - a wand of polymorph (10/24)
 P - a wand of random effects (30/48)
Scrolls
 a - 3 scrolls of amnesia {unknown}
 h - 2 scrolls of random uselessness {unknown}
 k - a scroll of enchant armour {unknown}
 l - 2 scrolls of fear
 m - 2 scrolls of fog {unknown}
 o - a scroll of brand weapon {unknown}
 p - 3 scrolls of identify {@r1}
 r - 5 scrolls of enchant weapon
 s - 2 scrolls of noise {!r}
 u - 5 scrolls of teleportation {@r4}
 v - 2 scrolls of immolation {!r}
 x - 9 scrolls of remove curse {@r2}
 I - 3 scrolls of blinking {unknown}
 O - 2 scrolls of magic mapping {unknown}
Potions
 g - 3 potions of curing {@q1}
 j - 2 potions of invisibility
 n - 4 potions of agility
 q - 4 potions of ambrosia
 t - 2 potions of cure mutation
 w - 2 potions of haste {unknown}
 A - a potion of flight {unknown}
 F - a potion of degeneration {unknown}
 J - 2 potions of might
 K - a potion of lignification {unknown}
 L - 2 potions of mutation {unknown}
Books
 e - a book of Geomancy

   Spells                             Type                      Level
   a - Sandblast                      Earth                        1
   b - Passwall                       Transmutation/Earth          2
   c - Stone Arrow                    Conjuration/Earth            3
   d - Petrify                        Transmutation/Earth          4
   e - Lee's Rapid Deconstruction     Earth                        5
 H - a book of Necromancy

   Spells                             Type                      Level
   a - Pain                           Necromancy                   1
   b - Animate Skeleton               Necromancy                   1
   c - Vampiric Draining              Necromancy                   3
   d - Regeneration                   Charms/Necromancy            3
   e - Animate Dead                   Necromancy                   4
   f - Control Undead                 Necromancy                   4
 S - a book of the Dragon

   Spells                             Type                      Level
   a - Flame Tongue                   Conjuration/Fire             1
   b - Cause Fear                     Hexes                        4
   c - Bolt of Fire                   Conjuration/Fire             6
   d - Dragon Form                    Transmutation                7
   e - Dragon's Call                  Summoning                    9
 V - a book of Misfortune

   Spells                             Type                      Level
   a - Confusing Touch                Hexes                        2
   b - Confuse                        Hexes                        3
   c - Gell's Gravitas                Hexes/Translocation          3
   d - Petrify                        Transmutation/Earth          4
   e - Metabolic Englaciation         Hexes/Ice                    5
   f - Yara's Violent Unravelling     Hexes/Transmutation          5
Miscellaneous
 T - a lamp of fire
Comestibles
 d - 4 bread rations {@e1}
 B - 4 meat rations {@e1}
 Q - a royal jelly {@e3}
 R - 2 fruits {@e2}


   Skills:
 + Level 5.4 Fighting
 + Level 4.9 Maces & Flails
 - Level 5.0 Armour
 + Level 4.9 Dodging
 - Level 2.1 Stealth
   Level 5.1 Shields
 * Level 8.8 Spellcasting
 + Level 5.6 Conjurations
   Level 0.7 Transmutations
 + Level 2.1 Fire Magic
 + Level 8.2 Earth Magic
 + Level 4.3 Evocations


You had 12 spell levels left.
You knew the following spells:

 Your Spells              Type           Power        Failure   Level  Hunger
a - Sandblast             Erth           #####.       1%          1    None
b - Stone Arrow           Conj/Erth      #####.       1%          3    None
c - Lee's Rapid Deconstr  Erth           #####.....   2%          5    #####..
d - Bolt of Fire          Conj/Fire      ###.......   78%         6    ######.


Dungeon Overview and Level Annotations

Branches:
Dungeon (11/15)            Temple (1/1) D:4
   Lair: D:8-11         Orc: D:9-12

Altars:
Ashenzari
Cheibriados
Dithmenos
Elyvilon
Fedhas
Gozag
Hepliaklqana
Kikubaaqudgha
Makhleb
Nemelex Xobeh
Okawaru
Pakellas
Qazlal
Ru
Sif Muna
Trog
Uskayaw
Vehumet
Xom
Yredelemnul
Zin
The Shining One

Shops:
D:4 }*=*   D:7 ?

Annotations:
D:7 Joseph
D:10 Maud; incide's ghost, journeyman KoFE


Innate Abilities, Weirdness & Mutations

You are resistant to torment.
Your stone body is resilient. (AC +7)
You are immune to poison.
You resist negative energy. (rN+)
You are resistant to electric shocks. (rElec)
You can survive without breathing.
You are immune to petrification.
You are immune to rotting.
Your large and strong wings let you fly indefinitely.


Message History

You pass through the gate.
Welcome back to the Dungeon! x2
Level annotation: Maud; incide's ghost, journeyman KoFE Maud completely misses you.
As you read the scroll of teleportation {@r4}, it crumbles to dust.
You feel strangely unstable. The small abomination misses you.
Casting: Stone Arrow
Confirm with . or Enter, or press ? or * to list all spells.
Aiming: Stone Arrow
Press: ? - help, Shift-Dir - straight line, f - small abomination
Aim: a small abomination The stone arrow hits the small abomination.
The small abomination is heavily damaged.
Maud hits you with a broad axe of distortion!!
The small abomination hits you.
You feel better. The small abomination hits you!
Maud hits you with a broad axe of distortion!!
* * * LOW HITPOINT WARNING * * *
Space warps horribly around you!
You die...

#.#.#.####......##.##.#####.#....
.##.#.# #............#...#)#.#.#
..#.#.# #.......#.......<..[....
.##.#.########...######.#.#[#.###
.##.#r...........# #.#.#.#....
.##.#..##......#.# #.#.#.#####
..#.#..>'....<...# #.#.#......
#.#.#.###.....#########.#....####
#)#.#...'.....rx@@...........'...
#.#.#####.....#########.##...##..
#.#.# #.....'........).........
..#.# #.....#.#######.#........
..#.# #.....'......#..#.#......
..#.#####.....#.####.##.#.#......
..'...........#<#..#.##.#.#......
..#.#########.#.#..#.##.#.#......
###.#.......#.#.#......)#.##'#...


You could see Maud, a small abomination and a quokka.

Vanquished Creatures
  A hydra (D:11)
  Pikel (D:4)
  A hill giant (D:9)
  A cyclops (D:10)
  A komodo dragon (D:10)
  A troll (D:10)
  2 two-headed ogres
  A raiju (Abyss:2)
  Prince Ribbit (D:7)
  2 vampires
  Grum (D:7)
  2 hungry ghosts
  Menkaure (D:7)
  A soldier ant (D:11)
  An ice beast (D:7)
  3 sky beasts
  4 orc warriors
  3 eyes of draining
  A black bear (D:9)
  2 phantoms
  4 slaves
  2 necrophages
  8 ogres
  2 wolves (D:7)
  5 centaurs
  A big kobold (D:8)
  A small abomination (Abyss:2)
  2 giant frogs
  A gnoll sergeant (D:9)
  4 scorpions
  3 wights (D:8)
  A jelly (D:5)
  2 howler monkeys
  4 crimson imps
  A giant frog zombie (D:5)
  A centaur zombie (D:6)
  9 orc priests
  6 hounds
  A centaur skeleton (D:6)
  An iron imp (D:7)
  2 quasits
  19 orc wizards
  2 iguanas
  Natasha (thrice) (D:2)
  8 worker ants
  A hound zombie (D:9)
  A howler monkey zombie (D:9)
  8 gnolls
  9 adders
  5 shadow imps
  An ooze (D:5)
  An adder zombie (D:7)
  2 adder skeletons
  2 worms
  5 giant geckos
  59 orcs
  2 ball pythons (D:1)
  5 bats
  5 giant cockroaches
  8 goblins
  5 hobgoblins
  16 jackals
  2 quokkas
  3 giant newts
  A jackal zombie (D:7)
  10 kobolds
  A quokka skeleton (D:6)
  5 rats
281 creatures vanquished.

Notes
Turn   | Place    | Note
--------------------------------------------------------------
     0 | D:1      | Fubayashi the Gargoyle Earth Elementalist began the quest for the Orb.
     0 | D:1      | Reached XP level 1. HP: 10/10 MP: 3/3
   442 | D:1      | Reached XP level 2. HP: 15/15 MP: 2/5
  1414 | D:2      | Reached XP level 3. HP: 14/19 MP: 1/7
  1580 | D:2      | Noticed Natasha
  1759 | D:2      | Killed Natasha
  1809 | D:2      | Reached XP level 4. HP: 22/24 MP: 1/9
  2162 | D:2      | Learned a level 3 spell: Stone Arrow
  2297 | D:2      | Noticed Natasha
  2303 | D:2      | Killed Natasha
  2421 | D:2      | Noticed Natasha
  2428 | D:2      | Killed Natasha
  2428 | D:2      | Reached XP level 5. HP: 24/28 MP: 7/11
  3026 | D:3      | Found an opulent altar of Gozag.
  3240 | D:3      | Reached skill level 5 in Earth Magic
  3574 | D:3      | Reached XP level 6. HP: 32/32 MP: 10/13
  3681 | D:3      | Learned a level 5 spell: Lee's Rapid Deconstruction
  4011 | D:4      | Found a staircase to the Ecumenical Temple.
  4015 | Temple   | Entered the Ecumenical Temple
  4115 | Temple   | Became a worshipper of Vehumet
  4394 | D:4      | Found Xacloow's Jewellery Emporium.
  4395 | D:4      | Noticed a phantom
  4396 | D:4      | Found Qystiah's General Store.
  4396 | D:4      | Found Ahuic's Gadget Shoppe.
  4408 | D:4      | Killed a phantom
  4408 | D:4      | Reached skill level 5 in Spellcasting
  4408 | D:4      | Reached skill level 1 in Conjurations
  4456 | D:4      | Found Zewas's General Store.
  4459 | D:4      | Bought a scroll of teleportation for 33 gold pieces
  4719 | D:4      | Noticed a slave
  4763 | D:4      | Noticed a slave
  4763 | D:4      | Noticed a slave
  4786 | D:4      | Killed a slave
  4979 | D:4      | Noticed Pikel
  4979 | D:4      | Noticed a slave
  5020 | D:4      | Killed a slave
  5198 | D:3      | Killed a slave
  5422 | D:3      | Killed a slave
  5622 | D:5      | Entered Level 5 of the Dungeon
  6012 | D:5      | Reached XP level 7. HP: 35/36 MP: 15/15
  6618 | D:6      | Reached * piety under Vehumet
  6618 | D:6      | Offered knowledge of Sting by Vehumet.
  6621 | D:6      | Reached skill level 1 in Fighting
  6621 | D:6      | Reached skill level 1 in Maces & Flails
  6621 | D:6      | Reached skill level 1 in Evocations
  6778 | D:6      | Reached skill level 1 in Armour
  7004 | D:6      | Reached skill level 1 in Shields
  7092 | D:6      | Reached XP level 8. HP: 31/43 MP: 6/16
  7230 | D:6      | Found a blossoming altar of Fedhas.
  8222 | D:7      | Noticed Menkaure
  8263 | D:7      | Found Purohuvu's Magic Scroll Emporium.
  8424 | D:7      | Got an ebony rapier
  8809 | D:7      | Found a deep blue altar of Sif Muna.
  8827 | D:7      | Reached XP level 9. HP: 30/49 MP: 6/18
  9069 | D:7      | Killed Menkaure
  9388 | D:7      | Found a snail-covered altar of Cheibriados.
  9620 | D:7      | Noticed Prince Ribbit
  9627 | D:7      | Killed Prince Ribbit
 10557 | D:7      | Noticed Joseph
 11018 | D:7      | Found a hazy altar of Hepliaklqana.
 12140 | D:4      | Killed Pikel
 12140 | D:4      | Reached XP level 10. HP: 57/57 MP: 7/21
 12884 | D:8      | Noticed Grum
 13066 | D:7      | Killed Grum
 13445 | D:8      | Got a heavily runed brass ring
 13456 | D:8      | Identified the ring "Jyufy" {rElec Int+7 Dex-5 Stlth-} (You found it on level 8 of the Dungeon)
 14214 | D:9      | Reached ** piety under Vehumet
 14214 | D:9      | Offered knowledge of Searing Ray by Vehumet.
 14280 | D:9      | Noticed a hill giant
 14286 | D:9      | Killed a hill giant
 14636 | D:9      | Learned a level 6 spell: Bolt of Fire
 15532 | D:9      | Found a basalt altar of Yredelemnul.
 15535 | D:9      | Found a burning altar of Makhleb.
 15538 | D:9      | Found a blossoming altar of Fedhas.
 15714 | D:9      | Reached skill level 5 in Conjurations
 15876 | D:10     | Entered Level 10 of the Dungeon
 15885 | D:10     | Reached skill level 5 in Armour
 16102 | D:10     | Offered knowledge of Mephitic Cloud by Vehumet.
 16162 | D:10     | Noticed incide's ghost (journeyman KoFE)
 16244 | D:9      | Reached skill level 5 in Fighting
 16244 | D:9      | Reached skill level 5 in Shields
 16257 | D:9      | Reached XP level 11. HP: 63/63 MP: 23/23
 16532 | D:10     | Noticed a cyclops
 16544 | D:10     | Killed a cyclops
 16544 | D:10     | Reached skill level 1 in Fire Magic
 16730 | D:10     | Reached *** piety under Vehumet
 17168 | D:9      | Upgraded the game from 0.19-a0-742-g4563caa to 0.19-a0-749-g66ae36b
 17762 | D:10     | Offered knowledge of Olgreb's Toxic Radiance by Vehumet.
 18767 | D:11     | Noticed a four-headed hydra
 18772 | D:11     | Killed a four-headed hydra
 18941 | D:11     | Noticed a tengu warrior
 18944 | D:11     | Noticed a tengu warrior
 19037 | D:11     | Noticed Maud
 19249 | D:10     | You are cast into the Abyss!
 19249 | D:10     | Cast into level 2 of the Abyss (Maud)
 19399 | Abyss:2  | Noticed a large abomination
 19515 | Abyss:2  | Gained mutation: Your large and strong wings let you fly indefinitely. [a neqoxec]
 19544 | D:10     | You pass through the gate.
 19544 | D:10     | Escaped the Abyss
 19547 | D:10     | Mangled by Maud

Vault maps used:
D:1:      lemuel_arrival_lava_pool, roderic_roman_lattice
D:2:      uniq_natasha
D:3:      nicolae_gozag_cash_rules_everything_around_me, first_bread,
          hangedman_abyss_or_decor_lesser_grid
D:4:      minmay_shoptagon, minmay_misc_feat_tower, uniq_pikel
D:5:      minmay_opposing_rooms
D:6:      fedhas_altar_1
D:7:      slow_altar_2, old_standard_altar, led_sif_book, serial_shops, shop,
          uniq_joseph, uniq_menkaure, uniq_prince_ribbit1
D:8:      uniq_grum
D:9:      grunt_temple_overflow_diamond
D:10:     minmay_goldmine
D:11:     lair_0_dummy, erik_orc_3, serial_shops, shop, uniq_maud, uniq_sonja
Temple:   regret_index_temple_generic_petals
Abyss:2:  guppyfry_abyss_exit_glass_guarded

Skill      XL: |  1  2  3  4  5  6  7  8  9 10 11 |
---------------+----------------------------------+-----
Spellcasting   | 3 4 5 6 7 8 |  8.8
Earth Magic    | 4 5 6 7 8 |  8.2
Conjurations   | 1 2 3 4 5 |  5.6
Fighting       | 1 2 4 5 |  5.4
Maces & Flails | 1 2 3 4 |  4.9
Evocations     | 1 2 3 4 |  4.3
Armour         | 1 2 3 5 |  5.0
Shields        | 1 2 3 5 |  5.1
Dodging        | 2 3 4 |  4.9
Fire Magic     | 2 |  2.1
Stealth        | |  2.1
Transmutations | |  0.7

Action                   |  1- 3 |  4- 6 |  7- 9 | 10-12 || total
-------------------------+-------+-------+-------+-------++-------
Melee: Club              |    83 |    49 |   139 |       ||   271
       Whip              |       |       |       |   392 ||   392
 Cast: Sandblast         |    56 |   171 |   155 |     1 ||   383
       Stone Arrow       |       |       |    90 |   174 ||   264
  Use: Scroll            |       |       |    11 |     3 ||    14
       Potion            |       |       |     1 |     4 ||     5
 Stab: Sleeping          |     2 |     3 |       |     3 ||     8
  Eat: Chunk             |     3 |    13 |    14 |    14 ||    44
       Royal jelly       |       |       |     1 |       ||     1
       Beef jerky        |       |       |     3 |     1 ||     4
       Pizza             |       |       |     1 |       ||     1
       Bread ration      |       |       |       |     2 ||     2
Armor: Robe              |    52 |    90 |   142 |   206 ||   490
Dodge: Dodged            |   119 |   128 |   184 |   330 ||   761
